 Dungeon Crawl Stone Soup version 0.18-a0-1514-g6ed9364 (webtiles) character file.

289 Oddball22 the Purveyor of Pain (level 6, -11/32 HPs)
             Began as a Deep Elf Necromancer on Mar 6, 2016.
             Was an Initiate of Kikubaaqudgha.
             Shot with an arrow by a centaur (13 damage)
             ... on level 5 of the Dungeon.
             The game lasted 00:12:20 (3577 turns).

Oddball22 the Purveyor of Pain (DENe)               Turns: 3577, Time: 00:12:20

Health: -11/32     AC:  8    Str:  5    XL:     6   Next: 9%
Magic:  12/16      EV: 13    Int: 22    God:    Kikubaaqudgha [......]
Gold:   206        SH:  0    Dex: 15    Spells: 6 memorised, 3 levels left

rFire  . . .     SeeInvis .     s - staff of conjuration
rCold  . . .     Gourm    .     a - +0 robe
rNeg   . . .     Faith    .     (no shield)
rPois  .         Spirit   .     (no helmet)
rElec  .         Dismiss  .     r - +2 cloak
rCorr  .         Reflect  .     v - +0 pair of gloves
SustAt .         Harm     .     (no boots)
MR     +....                    n - amulet of inaccuracy (curse)
Stlth  +++.......               e - ring of protection from magic
                                h - +2 ring of protection

@: somewhat resistant to hostile enchantments, fairly stealthy
A: no striking features
a: Renounce Religion


You were on level 5 of the Dungeon.
You worshipped Kikubaaqudgha.
Kikubaaqudgha was noncommittal.
You were very hungry.

You visited 1 branch of the dungeon, and saw 5 of its levels.

You collected 206 gold pieces.

Inventory:

Armour
 a - a +0 robe (worn)
 o - a +0 leather armour of magic resistance
 r - a +2 cloak (worn)
 v - a +0 pair of gloves (worn)
Magical Staves
 s - an uncursed staff of conjuration (weapon)
Jewellery
 e - a ring of protection from magic (right hand)
 h - a +2 ring of protection (left hand)
 n - a cursed amulet of inaccuracy (around neck)
Scrolls
 d - a scroll of immolation {unknown}
 f - a scroll of enchant weapon {unknown}
 g - 4 scrolls of identify
 i - 3 scrolls of remove curse {unknown}
 k - a scroll of random uselessness {unknown}
 l - a scroll of recharging {unknown}
 t - a scroll of fear {unknown}
 u - 2 scrolls of teleportation {unknown}
 y - a scroll of fog {unknown}
 z - a scroll of amnesia {unknown}
Potions
 j - a potion of magic {unknown}
 m - a potion of resistance {unknown}
 p - a potion of agility {unknown}
Books
 b - a book of Necromancy

   Spells                             Type                      Level
   a - Pain                           Necromancy                   1
   b - Animate Skeleton               Necromancy                   1
   c - Vampiric Draining              Necromancy                   3
   d - Regeneration                   Charms/Necromancy            3
   e - Animate Dead                   Necromancy                   4
   f - Control Undead                 Necromancy                   4
 q - Sif Muna's Almanac of Protection
   (You found it on level 3 of the Dungeon)

   Spells                             Type                      Level
   a - Infusion                       Charms                       1
 w - a book of Frost

   Spells                             Type                      Level
   a - Freeze                         Ice                          1
   b - Throw Frost                    Conjuration/Ice              2
   c - Ozocubu's Armour               Charms/Ice                   3
   d - Throw Icicle                   Conjuration/Ice              4
   e - Summon Ice Beast               Ice/Summoning                4
Comestibles
 c - 3 bread rations
 x - 9 fruits


   Skills:
 - Level 2.4 Dodging
 + Level 4.6 Stealth
 + Level 5.6 Spellcasting
 + Level 2.0 Charms
 + Level 6.1 Necromancy
 + Level 1.3 Ice Magic


You had 3 spell levels left.
You knew the following spells:

 Your Spells              Type           Power        Failure   Level  Hunger
a - Pain                  Necr           ####         1%          1    None
b - Animate Skeleton      Necr           N/A          1%          1    None
c - Vampiric Draining     Necr           ####......   1%          3    ##.....
d - Regeneration          Chrm/Necr      ###.......   6%          3    ##.....
e - Animate Dead          Necr           N/A          10%         4    ####...
f - Freeze                Ice            ##..         8%          1    None


Dungeon Overview and Level Annotations

Branches:
Dungeon (5/15)
 Temple: D:4-7

Altars:
Ashenzari
Cheibriados
Fedhas
Gozag
Kikubaaqudgha
Sif Muna
Vehumet
Zin

Annotations:
D:4 Grinder


Message History

Aim: an ogre, wielding a giant club (chance to defeat MR: 84%)
The ogre barely resists.
Casting: Pain
Confirm with . or Enter, or press ? or * to list all spells.
Okay, then.
Casting: Pain
Confirm with . or Enter, or press ? or * to list all spells.
Aiming: Pain
Press: ? - help, Shift-Dir - straight line, f/p - ogre
Aim: an ogre, wielding a giant club (chance to defeat MR: 84%)
The ogre barely resists.
The ogre hits you with a giant club!!
Ouch! That really hurt!
* * * LOW HITPOINT WARNING * * *
A centaur comes into view.
The centaur shouts!
The centaur wields a shortbow.
The centaur shoots an arrow.
The arrow completely misses you.
The centaur shoots an arrow.
The arrow hits you!
You die...
Kikubaaqudgha rasps: "You have failed me!
Welcome... death!"

#.#......##.# #.#.#
#.#......##.####.#.#
#.#......##........#
#......#.#######.###
#..###.#...[...#..(#
#..###########.#.#.#
#.....O..## #.....#
#.#####...##########
###)#####@.......
#.......%..c.####
#.#.########.# #.#.#
.# # #.# . #.# . #.#
.. #.# #.


You could see an ogre and a centaur.

Vanquished Creatures
  A sky beast (D:5)
  An orc priest (D:3)
  A giant frog skeleton (D:5)
  A worker ant (D:3)
  4 adders
  2 oozes (D:1)
  2 worms (D:3)
  4 dart slugs
  4 giant geckos
  5 orcs
  2 giant cockroaches (D:2)
  4 hobgoblins
  8 kobolds
  A quokka (D:2)
  7 bats
  6 giant newts
  8 goblins
  A jackal skeleton (D:5)
  4 rats
66 creatures vanquished.

Notes
Turn   | Place    | Note
--------------------------------------------------------------
     0 | D:1      | Oddball22 the Deep Elf Necromancer began the quest for the Orb.
     0 | D:1      | Reached XP level 1. HP: 10/10 MP: 6/6
    80 | D:1      | Reached skill level 5 in Necromancy
   631 | D:1      | Reached XP level 2. HP: 13/15 MP: 5/8
  1113 | D:1      | Learned a level 1 spell: Animate Skeleton
  1213 | D:1      | Reached XP level 3. HP: 17/19 MP: 6/10
  1682 | D:2      | Found a shattered altar of Ashenzari.
  1899 | D:2      | You fall through a shaft!
  2023 | D:3      | Reached XP level 4. HP: 21/24 MP: 8/12
  2025 | D:3      | Found an ancient bone altar of Kikubaaqudgha.
  2073 | D:3      | Found a deep blue altar of Sif Muna.
  2074 | D:3      | Found a radiant altar of Vehumet.
  2078 | D:3      | Became a worshipper of Kikubaaqudgha
  2086 | D:3      | Identified Sif Muna's Almanac of Protection
  2094 | D:3      | Learned a level 3 spell: Vampiric Draining
  2098 | D:3      | Learned a level 3 spell: Regeneration
  2497 | D:3      | Learned a level 4 spell: Animate Dead
  2563 | D:3      | Reached skill level 5 in Spellcasting
  2580 | D:3      | Reached XP level 5. HP: 25/28 MP: 1/14
  2884 | D:3      | Learned a level 1 spell: Freeze
  2915 | D:4      | Found a blossoming altar of Fedhas.
  2991 | D:4      | Found an opulent altar of Gozag.
  3010 | D:4      | Noticed Grinder
  3179 | D:4      | Found a snail-covered altar of Cheibriados.
  3180 | D:4      | Found a glowing silver altar of Zin.
  3335 | D:5      | Entered Level 5 of the Dungeon
  3337 | D:5      | Noticed a sky beast
  3343 | D:5      | Killed a sky beast
  3343 | D:5      | Reached skill level 1 in Charms
  3343 | D:5      | Reached skill level 6 in Necromancy
  3343 | D:5      | Reached skill level 1 in Ice Magic
  3522 | D:5      | Reached XP level 6. HP: 5/32 MP: 12/16
  3570 | D:5      | HP: 1/32 [ogre/giant club (18)]
  3577 | D:5      | Shot with an arrow by a centaur

Vault maps used:
D:1:      sevenhm_arrival_forest_fort_large_2, kennysheep_crisscross
D:2:      first_bread, minmay_item_behind_shaft, nicolae_ashenzari_panopticon
D:3:      grunt_temple_overflow_magic_moments
D:4:      lemuel_doored_altar, gammafunk_temple_overflow_pools,
          fedhas_altar_fruit_tree, uniq_grinder
D:5:      nicolae_ossuary_entry_plus, johnstein_pakellas_death_squad

Skill      XL: |  1  2  3  4  5 |
---------------+----------------+-----
Necromancy     | 5 6 |  6.1
Stealth        | 3 4 |  4.6
Spellcasting   | 4 5 |  5.6
Charms         | 2 |  2.0
Ice Magic      | 1 |  1.3
Dodging        | |  2.4

Action                   |  1- 3 |  4- 6 || total
-------------------------+-------+-------++-------
Melee: Staff             |       |    32 ||    32
 Cast: Pain              |    60 |    61 ||   121
       Regeneration      |       |     4 ||     4
       Vampiric Draining |       |     2 ||     2
       Animate Dead      |       |     1 ||     1
       Freeze            |       |     8 ||     8
  Use: Scroll            |       |     1 ||     1
       Potion            |       |     1 ||     1
  Eat: Chunk             |     3 |     4 ||     7
